 Dungeon Crawl Stone Soup version 0.29-a0-275-g389c0b56f3 (webtiles) character file.

Game seed: 293428049625748581

672 spaghetti the Covert (level 7, -3/50 HPs)
             Began as an Octopode Delver on Mar 11, 2022.
             Was an Initiate of Cheibriados.
             Slain by a killer bee (7 damage)
             ... on level 7 of the Dungeon.
             The game lasted 00:04:37 (1905 turns).

spaghetti the Covert (Octopode Delver)              Turns: 1905, Time: 00:04:38

Health: -3/50      AC:  1    Str: 13    XL:     7   Next: 59%
Magic:  7/7        EV: 13    Int: 13    God:    Cheibriados [......]
Gold:   53         SH:  0    Dex: 16    Spells: 6/6 levels left

rFire   . . .      SeeInvis .   a - +0 falchion {long}
rCold   . . .      Faith    .   (no shield)
rNeg    . . .      Spirit   .   (helmet restricted)
rPois   .          Reflect  .   g - amulet of regeneration {@e2}
rElec   .          Harm     .   h - ring of wizardry
rCorr   .          Rampage  .   (no ring)
Will    .....                   (no ring)
Stlth   ++++++....              (no ring)
HPRegen 0.96/turn               (no ring)
MPRegen 0.10/turn               (no ring)
                                (no ring)
                                (no ring)

@: lethally poisoned (-3 -> -5), very slow
A: almost no armour, amphibious, 8 rings, camouflage 1, gelatinous body 1,
(nimble swimmer 1), tentacles
a: Renounce Religion


You were on level 7 of the Dungeon.
You worshipped Cheibriados.
Cheibriados was noncommittal.
You visited 2 branches of the dungeon, and saw 6 of its levels.

You collected 53 gold pieces.


Innate Abilities, Weirdness & Mutations

You cannot wear most types of armour.
You are amphibious.
You can wear up to eight rings at the same time.
Your skin changes colour to match your surroundings (Stealth+).
Your rubbery body absorbs attacks. (AC +1, EV +1)
((You are camouflaged when in or above water. (Stealth+)))
You have tentacles for arms and can constrict up to eight enemies at once.


   Skills:
 + Level 5.0 Fighting
 - Level 2.0 Long Blades
 - Level 2.0 Dodging
 - Level 11.8 Stealth


You had 6 spell levels left.
You didn't know any spells.
Your spell library contained the following spells:

 Spells                   Type           Power      Damage    Failure   Level
 Pain                     Necr           0%         1d4       12%         1
 Leda's Liquefaction      Hex/Erth       0%         N/A       73%         4
 Agony                    Necr           0%         N/A       96%         5
 Excruciating Wounds      Necr           0%         N/A       96%         5
 Lee's Rapid Deconstruct  Erth           0%         3d5*      96%         5
 Statue Form              Tmut/Erth      0%         N/A       100%        6

Inventory:

Hand Weapons
 a - a +0 falchion (weapon) {long}
Missiles
 j - 88 stones (quivered) {throwing}
Jewellery
 g - an amulet of regeneration (around mantle) {@e2}
   (You found it on level 4 of the Dungeon)
 h - a ring of wizardry (left tentacle)
   (You found it on level 5 of the Dungeon)
Wands
 f - a wand of digging (3)
Scrolls
 b - a scroll of fog
 c - a scroll of magic mapping {!r}

Dungeon Overview and Level Annotations

Branches:
Dungeon (7/15)             Temple (1/1) D:4

Altars:
Cheibriados
Dithmenos
Elyvilon
Fedhas
Gozag
Hepliaklqana
Nemelex Xobeh
Ru
Sif Muna
Trog
Uskayaw
Vehumet
Wu Jian
Xom
Yredelemnul

Shops:
D:4 !!

Annotations:
D:3 1 runed translucent door, exclusion: bullfrog, Crazy Yiuf
D:4 3 runed translucent doors, HilariousDeathArtist's ghost, amateur PaDe
D:5 Dowan; Duvessa

...########.......#
#####.########........
......................
##.####.######...#....
####.# ###......
#....# #...... #.####
##..... #.##.# #.....
#.@y.# #.....
.##.####.# #.....
.........# #.....
..#...y........ #.....
..<............ ######
.....#.........
.#.#.#......... # #
#......... ##........


You could see a killer bee.


Message History

You climb downwards.
There is a stone staircase leading up here. 😮 HP[+2]
You regained 2 hp, and now have 27/47 hp.
Unknown command.
Unknown command.
You start resting. 😎 HP[+20]
Your hp is fully restored (47).
You open the door.
There is an open door here.
Key pressed, stopping explore.
A killer bee comes into view.
A killer bee is nearby!
A killer bee is nearby!
Found a stone staircase leading up.
A killer bee comes into view. x2
The killer bee buzzes angrily. x3
The killer bee stings you. The killer bee stings you!
The killer bee completely misses you. 😮 HP[-15]
You take 15 damage, and now have 32/47 hp.
MASSIVE DAMAGE!! (PAUSE)
The killer bee attacks as you move away!
The killer bee stings you! 😮 HP[-6]
You take 6 damage, and now have 26/47 hp.
The killer bee attacks as you move away!
The killer bee stings you but does no damage.
The killer bee attacks as you move away!
The killer bee stings you but does no damage. x2
The killer bee barely misses you. 😮 HP[+2]
You regained 2 hp, and now have 28/47 hp.
Unknown command.
You barely miss the killer bee. Your grab misses the killer bee.
Your squeeze misses the killer bee. The killer bee closely misses you.
The killer bee barely misses you. 😮 HP[+1]
You hit the killer bee. Your grab misses the killer bee.
The killer bee stings you. x3
* * * LOW HITPOINT WARNING * * *
😨 HP[-6]
You take 6 damage, and now have 23/47 hp.
Unknown command.
You aren't carrying any potions.
Okay, then.
You miss the killer bee. You grab the killer bee. You constrict the killer bee.
The killer bee barely misses you.
The killer bee closely misses you. 😮 HP[+1]
You closely miss the killer bee. You constrict the killer bee.
The killer bee stings you.
* * * LOW HITPOINT WARNING * * *
The killer bee stings you.
* * * LOW HITPOINT WARNING * * *
The killer bee stings you!
* * * LOW HITPOINT WARNING * * *
You are poisoned.
The killer bee poisons you! 😨 HP[-11]
You take 11 damage, and now have 13/47 hp.
MASSIVE DAMAGE!! (PAUSE)
You closely miss the killer bee. Your squeeze misses the killer bee.
You constrict the killer bee.
You feel sick. The killer bee misses you.
The killer bee closely misses you. 😨 HP[-1]
You take 1 damage, and now have 12/47 hp.
You hit the killer bee.
You kill the killer bee!
Cheibriados thoroughly appreciates the change of pace.
You feel sick. The killer bee barely misses you.
You feel your intelligence returning.
Your life force feels restored. 😱 HP[-1]
You now have 49 max hp (+2).
You miss the killer bee. You grab the killer bee. You squeeze the killer bee.
You constrict the killer bee.
You feel sick. The killer bee barely misses you. The killer bee stings you.
* * * LOW HITPOINT WARNING * * *
The killer bee stings you.
* * * LOW HITPOINT WARNING * * *
You are more poisoned.
The killer bee poisons you! 😱 HP[-4]
You take 4 damage, and now have 7/49 hp.
Unknown command.
You hit the killer bee. You squeeze the killer bee.
You constrict the killer bee.
You kill the killer bee!
Cheibriados thoroughly appreciates the change of pace.
* * * LOW HITPOINT WARNING * * *
You feel very sick. The killer bee misses you.
Your Fighting skill increases to level 5! 😱 HP[-2]
You now have 50 max hp (+1).
You take 2 damage, and now have 5/50 hp.
You barely miss the killer bee. Your grab misses the killer bee.
You squeeze the killer bee, but do no damage.
You feel sick. The killer bee stings you!
You die...

Skill      XL: |  1  2  3  4  5  6  7 |
---------------+----------------------+-----
Stealth        | 7 8 9 10 11 | 11.8
Fighting       | 5 |  5.0
Long Blades    | |  2.0
Dodging        | |  2.0

Action                   |  1- 3 |  4- 6 |  7- 9 || total
-------------------------+-------+-------+-------++-------
Melee: Falchion          |    35 |    41 |    17 ||    93
       Tentacles         |     5 |    10 |     5 ||    20
       Constrict         |     5 |     8 |     4 ||    17
  Use: Potion            |     3 |     1 |       ||     4
       Scroll            |     2 |     3 |       ||     5
 Stab: Sleeping          |     7 |     3 |       ||    10
Armor: Skin              |     1 |       |     3 ||     4
Dodge: Dodged            |    21 |    38 |    12 ||    71

Levels and vault maps discovered:
D:3:      layout_basic, gammafunk_ghost_cemetery, uniq_crazy_yiuf_cottage
D:4:      layout_basic, minmay_temple_entry_ruins, serial_shops, shop,
          nicolae_inconvenience_store, biasface_ghost_orc_armoury,
          minmay_fractal_squares_gapless_5
D:5:      black_bear_nest_1, layout_basic, grunt_dithmenos_smoke_and_mirrors,
          uniq_duvessa
D:6:      layout_layer_cave, minivault_26, minivault_19, minmay_misc_feat_five
D:7:      layout_basic
Temple:   mainiacjoe_temple_trianglar_array

Notes
Turn   | Place    | Note
-------+----------+-------------------------------------------
     0 | D:5      | spaghetti the Octopode Delver began the quest for the Orb.
     0 | D:5      | Reached XP level 1. HP: 16/16 MP: 1/1
     0 | D:5      | magus.rc [v1.9.6]
   108 | D:4      | Found a staircase to the Ecumenical Temple.
   114 | Temple   | Entered the Ecumenical Temple
   366 | Temple   | Became a worshipper of Cheibriados the Contemplative
   407 | D:4      | Reached skill level 7 in Stealth
   526 | D:4      | Found Ycam's Distillery.
   529 | D:4      | Reached XP level 2. HP: 21/21 MP: 2/2
   672 | D:4      | Noticed a phantom
   680 | D:4      | Was placed under penance by Cheibriados
   893 | D:3      | Found a runed translucent door.
   894 | D:3      | Noticed Crazy Yiuf
   951 | D:3      | magus.rc [v1.9.6]
  1043 | D:3      | Noticed a bullfrog
  1130 | D:4      | You pick up a book of Pain and begin reading...
  1130 | D:4      | You add the spells Pain, Agony and Excruciating Wounds to
                  | your library.
  1292 | D:4      | Found Ugahamyd's Distillery.
  1315 | D:4      | Noticed an orc warrior
  1330 | D:4      | Found a runed translucent gate.
  1330 | D:4      | Found a runed translucent gate.
  1331 | D:4      | Found a runed translucent gate.
  1332 | D:4      | Noticed HilariousDeathArtist's ghost (amateur PaDe)
  1334 | D:4      | Was forgiven by Cheibriados
  1373 | D:5      | Reached skill level 8 in Stealth
  1373 | D:5      | Reached XP level 3. HP: 19/26 MP: 3/3
  1398 | D:5      | Noticed a black bear
  1400 | D:5      | Reached XP level 4. HP: 31/31 MP: 4/4
  1409 | D:5      | Killed a black bear
  1410 | D:5      | Reached skill level 9 in Stealth
  1410 | D:5      | Reached XP level 5. HP: 34/36 MP: 5/5
  1417 | D:5      | Found a shadowy altar of Dithmenos.
  1612 | D:5      | Noticed an ogre
  1616 | D:5      | Killed an ogre
  1617 | D:5      | Reached skill level 10 in Stealth
  1633 | D:5      | Reached XP level 6. HP: 36/42 MP: 6/6
  1637 | D:5      | Noticed Duvessa
  1641 | D:5      | Noticed Dowan
  1647 | D:5      | HP: 9/42 [orc priest/+0 mace (5)]
  1670 | D:6      | Reached skill level 11 in Stealth
  1706 | D:7      | You pick up a book of the Earth and begin reading...
  1706 | D:7      | You add the spells Leda's Liquefaction, Lee's Rapid
                  | Deconstruction and Statue Form to your library.
  1785 | D:7      | HP: 7/42 [wight/+3 great sword (13)]
  1788 | D:7      | Reached XP level 7. HP: 10/46 MP: 7/7
  1834 | D:6      | Reached skill level 4 in Fighting
  1902 | D:7      | HP: 11/47 [poisoned by a killer bee]
  1904 | D:7      | HP: 5/49 [poisoned by a killer bee]
  1905 | D:7      | Reached skill level 5 in Fighting
  1905 | D:7      | Slain by a killer bee

Vanquished Creatures
  A black bear (D:5)
  An ogre (D:5)
  A bullfrog (D:6)
  A necrophage (D:6)
  3 wights (D:7)
  2 killer bees (D:7)
  A hound (D:5)
  An orc priest (D:5)
  2 orc wizards
  An adder (D:5)
  A worm (D:4)
  A dart slug (D:4)
  2 orcs
  2 bats (D:3)
  4 endoplasms
  A goblin (D:4)
  2 hobgoblins (D:4)
  A quokka (D:4)
  A ball python (D:4)
29 creatures vanquished.

Table legend:
 A = Non-vault XP
 B = Vault XP
 C = Vault XP percentage of total XP
 D = Non-vault monster count
 E = Vault monster count
 F = Vault count percentage of total count
                 A         B        C        D         E       F
            +---------+---------+-------+---------+---------+-------
      Total |     961 |       0 |   0.0 |      29 |       0 |   0.0
            +---------+---------+-------+---------+---------+-------
        D:3 |       5 |       0 |   0.0 |       3 |       0 |   0.0
        D:4 |      24 |       0 |   0.0 |      10 |       0 |   0.0
        D:5 |     369 |       0 |   0.0 |       7 |       0 |   0.0
        D:6 |     185 |       0 |   0.0 |       2 |       0 |   0.0
        D:7 |     378 |       0 |   0.0 |       7 |       0 |   0.0
            +---------+---------+-------+---------+---------+-------

Illustrated notes

Table legend:
 A = Kills in this place as a percentage of kills in entire the game.
 B = Kills by you in this place as a percentage of kills by you in the entire game.
 C = Kills by friends in this place as a percentage of kills by friends in the entire game.
 D = Other kills in this place as a percentage of other kills in the entire game.
 E = Experience gained in this place as a percentage of experience gained in the entire game.
 F = Experience gained in this place divided by the number of levels of this place that you have seen.
                   A       B       C       D       E      F
               +-------+-------+-------+-------+-------+----------------------
         Total | 100.0 | 100.0 |   N/A |   N/A | 100.0 | 160.2
       Dungeon | 100.0 | 100.0 |   N/A |   N/A | 100.0 | 192.2
               +-------+-------+-------+-------+-------+----------------------

Table legend: (Time is in decaauts)
 A = Elapsed time spent in this place.
 B = Non-inter-level travel time spent in this place.
 C = Inter-level travel time spent in this place.
 D = Time resting spent in this place.
 E = Time spent auto-exploring this place.
 F = Levels seen in this place.
 G = Mean time per level.
                   A        B        C        D        E       F      G
               +--------+--------+--------+--------+--------+-----+--------+
         Total |   2109 |   1985 |    124 |    436 |   1094 |   6 |  351.5 |
       Dungeon |   1840 |   1733 |    107 |    436 |    868 |   5 |  368.0 |
        Temple |    269 |    253 |     16 |      0 |    226 |   1 |  269.0 |
               +--------+--------+--------+--------+--------+-----+--------+

Top non-repeatable levels by time:
     D:4: 784 daAuts
     D:3: 458 daAuts
     D:5: 290 daAuts
  Temple: 269 daAuts
     D:7: 266 daAuts
     D:6: 40 daAuts
